 Dungeon Crawl Stone Soup version 0.26.1-11-gd32895ea62 (webtiles) character file.

Game seed: 14983347556806831465

2322 Tirrikindir the Destroyer (level 9, -12/69 HPs)
             Began as a Red Draconian Conjurer on May 28, 2021.
             Was a Priest of Lugonu.
             Mangled by a death knight
             ... wielding a +0 glaive
              (33 damage)
             ... on level 7 of the Dungeon.
             The game lasted 00:26:25 (8034 turns).

Tirrikindir the Destroyer (Red Draconian Conjurer)  Turns: 8034, Time: 00:26:25

Health: -12/69     AC: 11    Str: 10    XL:     9   Next: 19%
Magic:  4/14       EV: 13    Int: 26    God:    Lugonu [***...]
Gold:   184        SH:  3    Dex: 11    Spells: 12/15 levels left

rFire    + . .     SeeInvis +   e - +1 spear
rCold    + . .     Faith    .   v - +0 buckler
rNeg     . . .     Spirit   .   (armour unavailable)
rPois    .         Reflect  .   d - +2 hat
rElec    +         Harm     .   c - +0 cloak
rCorr    .         Rampage  .   o - +0 pair of gloves
Will     .....                  (no boots)
Stlth    +++++.....             q - amulet "Tusuh" {RegenMP Stlth+}
HPRegen  0.21/turn              u - ring "Kopiog" {rElec rC+ SInv Stlth+}
MPRegen  0.39/turn              t - +6 ring of intelligence

@: short of breath
A: breathe fire, unfitting armour, fire resistance 1, cold-blooded, AC +7
a: Breathe Fire, Renounce Religion, Depart the Abyss, Bend Space, Banish


You were on level 7 of the Dungeon.
You worshipped Lugonu.
Lugonu was most pleased with you.
You visited 2 branches of the dungeon, and saw 8 of its levels.

You collected 1296 gold pieces.
You spent 1112 gold pieces at shops.

Inventory:

Hand Weapons
 e - a +1 spear (weapon)
Armour
 c - a +0 cloak (worn)
 d - a +2 hat (worn)
 o - a +0 pair of gloves (worn)
 v - a +0 buckler (worn)
Magical Staves
 h - an uncursed staff of air
Jewellery
 l - an uncursed amulet of faith {unknown}
 n - an uncursed ring of fire
 q - the amulet "Tusuh" (around neck) {RegenMP Stlth+}
   (You found it on level 5 of the Dungeon)

   [amulet of magic regeneration]

   It increases your magic regeneration.
   It makes you more stealthy.
 t - a +6 ring of intelligence (right hand)
 u - the ring "Kopiog" (left hand) {rElec rC+ SInv Stlth+}
   (You bought it in a shop on level 6 of the Dungeon)

   [ring of stealth]

   It protects you from cold.
   It insulates you from electricity.
   It lets you see invisible.
   It makes you more stealthy.
Scrolls
 j - 3 scrolls of remove curse
 k - 2 scrolls of teleportation
 m - 2 scrolls of fear
 s - a scroll of amnesia
 w - a scroll of enchant weapon
Potions
 a - 3 potions of brilliance
 b - 2 potions of curing
 f - 2 potions of flight
 g - a potion of mutation {unknown}
 i - 2 potions of resistance {unknown}
 p - a potion of heal wounds {unknown}
 r - a potion of lignification {unknown}
Miscellaneous
 x - a phial of floods


   Skills:
 * Level 3.1 Fighting
 * Level 5.0 Dodging
 + Level 4.6 Stealth
 * Level 1.3 Shields
 + Level 3.5 Spellcasting
 * Level 8.6 Conjurations
 + Level 4.6 Invocations
 + Level 1.8 Evocations


You had 12 spell levels left.
You knew the following spells:

 Your Spells              Type           Power        Failure   Level
a - Magic Dart            Conj           100%         1%          1
b - Searing Ray           Conj           98%          1%          2

Your spell library contained the following spells:

 Spells                   Type           Power        Failure   Level
 Dazzling Flash           Conj/Hex       54%          6%          3
 Fulminant Prism          Conj/Hex       13%          22%         4
 Iskenderun's Mystic Bla  Conj/Tloc      27%          22%         4
 Confusing Touch          Hex            4%           36%         3
 Gell's Gravitas          Tloc           2%           36%         3
 Petrify                  Tmut/Erth      4%           77%         4
 Metabolic Englaciation   Hex/Ice        2%           98%         5
 Yara's Violent Unravell  Hex/Tmut       2%           98%         5


Dungeon Overview and Level Annotations

Branches:
Dungeon (7/15)             Temple (1/1) D:7

Altars:
Ashenzari
Cheibriados
Dithmenos
Elyvilon
Fedhas
Gozag
Kikubaaqudgha
Makhleb
Nemelex Xobeh
Okawaru
Qazlal
Ru
Sif Muna
Uskayaw
Vehumet
Wu Jian
Xom
Yredelemnul
Zin
The Shining One
Lugonu

Shops:
D:6 *=([=

Annotations:
D:6 2 runed translucent doors, Zeld's ghost, amateur MiBe


Innate Abilities, Weirdness & Mutations

You can breathe blasts of fire.
Your fiery red scales are hard. (AC +7)
You cannot fit into any form of body armour.
Your flesh is heat resistant. (rF+)
You are cold-blooded and may be slowed by cold attacks.


Message History

The death knight is heavily wounded.
You finish channeling your searing ray.
The death knight mumbles some strange prayers to Yredelemnul against you.
Your body is wracked with pain!
Okay, then.
Okay, then.
The death knight offers itself to Yredelemnul, and fills with unholy energy.
Press: ? - help, Shift-Dir - straight line, f/p - death knight
Aim: a death knight, wielding a +0 glaive and wearing a +0 chain mail (heavily wounded, reflecting injuries, chance to affect: 34%)
The death knight easily resists.
Press: ? - help, Shift-Dir - straight line, f/p - death knight
Aim: a death knight, wielding a +0 glaive and wearing a +0 chain mail (heavily wounded, reflecting injuries, chance to affect: 34%)
The death knight easily resists.
The death knight hits you from afar with a +0 glaive.
* * * LOW HITPOINT WARNING * * *
Press: ? - help, Shift-Dir - straight line, f/p - death knight
Aim: a death knight, wielding a +0 glaive and wearing a +0 chain mail (heavily wounded, reflecting injuries, chance to affect: 34%)
You fail to use your ability.
The death knight hits you from afar with a +0 glaive!!
You die...

.#.####.#####.....#.# #####
..................#.# #...####
...#.....#####....#.# #.>.....
....................## #...#.##
.....##...##.........## #...#.#
......#...#..###.###..## #...#.#
............##..##.##..###...#.#
.....[#....##.###.#)##..##...#.#
..........##.##.@###.##.######.#
...#.##...#.##p### ##.#.# #.#
.......[..#.#.## #.#.######.##
...#......[.#. #...#........
...#......#.#. #.#.#.#######
..........#)## ##.#.#.# #####
.######(..##.## ##.####.###..##
.<......#..##.#####.###.....##..#
.########...##.....#####...####..


You could see a death knight (reflects damage).

Vanquished Creatures
  Sigmund (D:2)
  A yak (D:7)
  An orc warrior (D:7)
  An ice beast (D:5)
  2 phantoms
  2 ogres (D:5)
  3 centaurs
  A bullfrog (D:6)
  A scorpion (D:6)
  A water moccasin skeleton (D:4)
  4 howler monkeys
  2 jellies (D:5)
  3 hounds
  2 bullfrog skeletons
  3 orc priests (D:7)
  4 orc wizards
  Jessica (D:2)
  4 iguanas
  5 worker ants
  A hound zombie (D:6)
  A hound skeleton (D:6)
  13 adders
  2 shadow imps (D:5)
  2 white imps (D:6)
  2 ufetubi
  An adder zombie (D:6)
  An adder skeleton (D:6)
  2 worms
  A dart slug (D:1)
  3 leopard geckos
  10 orcs
  7 giant cockroaches
  4 hobgoblins
  7 jackals
  3 quokkas
  2 ball pythons
  6 bats
  6 frilled lizards
  3 goblins (D:1)
  4 kobolds
  3 leopard gecko skeletons
  A leopard gecko zombie (D:6)
  2 quokka skeletons
  11 rats
140 creatures vanquished.

Notes
Turn   | Place    | Note
-------+----------+-------------------------------------------
     0 | D:1      | Tirrikindir the Draconian Conjurer began the quest for the
                  | Orb.
     0 | D:1      | Reached XP level 1. HP: 14/14 MP: 3/3
   414 | D:1      | Reached XP level 2. HP: 20/20 MP: 3/5
   417 | D:1      | Learned a level 2 spell: Searing Ray
  1164 | D:2      | Noticed Jessica
  1166 | D:2      | Killed Jessica
  1167 | D:2      | Reached XP level 3. HP: 26/26 MP: 2/6
  1634 | D:2      | Reached XP level 4. HP: 33/33 MP: 4/7
  1661 | D:2      | Noticed Sigmund
  1671 | D:2      | Killed Sigmund
  1672 | D:2      | Reached skill level 5 in Conjurations
  1672 | D:2      | Reached XP level 5. HP: 30/38 MP: 1/9
  1744 | D:2      | Found a faded altar of an unknown god.
  1751 | D:2      | Became a worshipper of Lugonu the Unformed
  1751 | D:2      | Reached * piety under Lugonu
  1751 | D:2      | Reached ** piety under Lugonu
  1891 | D:2      | You fall into a shaft and drop 2 floors!
  2370 | D:3      | Reached XP level 6. HP: 45/45 MP: 6/10
  2499 | D:3      | Reached skill level 1 in Invocations
  2708 | D:3      | Found a radiant altar of Vehumet.
  3262 | D:4      | Reached skill level 6 in Conjurations
  3466 | D:4      | Found a white marble altar of Elyvilon.
  3495 | D:4      | Your scales start taking on a fiery red colour.
  3495 | D:4      | Reached XP level 7. HP: 47/50 MP: 4/11
  3495 | D:4      | Gained mutation: Your flesh is heat resistant. (rF+) [Red
                  | Draconian growth]
  4324 | D:5      | Entered Level 5 of the Dungeon
  4606 | D:5      | Reached *** piety under Lugonu
  4618 | D:5      | Reached skill level 7 in Conjurations
  4638 | D:5      | Got a bound emerald amulet
  4649 | D:5      | Identified the amulet "Tusuh" {RegenMP Stlth+} (You found
                  | it on level 5 of the Dungeon)
  4929 | D:5      | Reached XP level 8. HP: 43/57 MP: 12/12
  5600 | D:6      | Reached skill level 8 in Conjurations
  5630 | D:6      | Found Wumasuph's General Store.
  5667 | D:6      | Found Awkuvet's Jewellery Shoppe.
  5727 | D:6      | Reached skill level 1 in Fighting
  5789 | D:6      | Found Rubiedgh's Antique Armour Shop.
  5801 | D:6      | Reached skill level 1 in Evocations
  5835 | D:6      | Found Qoinie's Weapon Shoppe.
  6099 | D:6      | Found a large runed translucent door.
  6100 | D:6      | Found a large runed translucent door.
  6100 | D:6      | Noticed Zeld's ghost (amateur MiBe)
  6229 | D:6      | Found Jueckinaxt's Jewellery Shop.
  6906 | D:7      | Found a shadowy altar of Dithmenos.
  7024 | D:7      | Identified a scroll of acquirement
  7024 | D:7      | Acquired 890 gold pieces
  7076 | D:6      | Bought a +6 ring of intelligence for 643 gold pieces
  7076 | D:6      | Bought the ring "Kopiog" {rElec rC+ SInv Stlth+} for 469
                  | gold pieces
  7168 | D:7      | Reached XP level 9. HP: 68/68 MP: 10/14
  7170 | D:7      | Reached skill level 1 in Shields
  7273 | D:7      | Reached **** piety under Lugonu
  7341 | D:7      | Reached skill level 5 in Dodging
  7440 | D:7      | Found a staircase to the Ecumenical Temple.
  7457 | Temple   | Entered the Ecumenical Temple
  8022 | D:7      | Noticed a death knight
  8034 | D:7      | Mangled by a death knight

Illustrated notes

Levels and vault maps discovered:
D:1:      minmay_arrival_four_loops, layout_basic
D:2:      layout_loops_cross, chequers_ecumenical_altar_simple, uniq_jessica,
          uniq_sigmund
D:3:      layout_basic, nicolae_overflow_crystal_walls
D:4:      layout_loops_ring, serial_glass, glass_columns_c, glass_columns_c,
          elyvilon_altar_1
D:5:      layout_loops_cross
D:6:      layout_loops_ring, serial_shops, kennysheep_mini_moat, shop,
          shop_fountains, nicolae_shop_waterfront, shop_fountains,
          ebering_ghost_disaster_area
D:7:      minmay_the_grid_octo_triangle [minmay_the_grid_octo_thin_diamonds,
          minmay_the_grid_octo_prize_single_spiral,
          minmay_the_grid_octo_clover_2], layout_basic, lemuel_doored_altar,
          minmay_temple_entry_trees, minmay_liquid_box
Temple:   regret_index_temple_mists

Skill      XL: |  1  2  3  4  5  6  7  8  9 |
---------------+----------------------------+-----
Stealth        | 2 3 4 |  4.6
Dodging        | 2 3 4 5 |  5.0
Spellcasting   | 3 |  3.5
Conjurations   | 5 6 7 8 |  8.6
Invocations    | 1 3 4 |  4.6
Fighting       | 2 3 |  3.1
Evocations     | 1 |  1.8
Shields        | 1 |  1.3

Action                   |  1- 3 |  4- 6 |  7- 9 || total
-------------------------+-------+-------+-------++-------
Melee: Unarmed           |    22 |       |       ||    22
       Tailslap          |     4 |     6 |     7 ||    17
       Club              |     1 |       |       ||     1
       Spear             |    14 |    56 |   105 ||   175
 Cast: Magic Dart        |    39 |    13 |    34 ||    86
       Searing Ray       |     5 |    16 |    36 ||    57
Invok: Banish            |       |       |     2 ||     2
 Abil: Breathe Fire      |       |       |    20 ||    20
  Use: Scroll            |     7 |       |     8 ||    15
 Stab: Sleeping          |     2 |     2 |     8 ||    12
Armor: Skin              |    17 |    28 |    60 ||   105
Dodge: Dodged            |    14 |    45 |   111 ||   170
